Pick #1

Connor Bedard
Pick #2

Leo Carlsson
Pick #3

Adam Fantilli
Pick #4

Matvei Michkov
Pick #5

David Reinbacher
Pick #6

William Smith
Pick #7

Zachary Benson
Pick #8

Ryan Leonard
Pick #9

Gabriel Perreault
Pick #10

Axel Sandin-Pellika
Pick #11

Daniil But
Pick #12

Dalibor Dvorsky
Pick #13

Quentin Musty
Pick #14

Brayden Yager
Pick #15

Dmitry Simashev
Pick #16

Colby Barlow
Pick #17

Andrew Cristall
Pick #18

Easton Cowan
Pick #19

Jacob Fowler
Pick #20

Oliver Moore
Pick #21

Oliver Bonk
Pick #22

Tom Willander
Pick #23

Calum Ritchie
Pick #24

Tanner Molendyk
Pick #25

Gavin Brindley
Pick #26

Nate Danielson
Pick #27

Pick #28

Pick #29

Pick #30

Pick #31

Pick #32

Pick #33

Pick #34

Pick #35

Pick #36

Pick #37

Pick #38

Pick #39

Pick #40

Pick #41

Pick #42

Pick #43

Pick #44

Pick #45

Pick #46

Pick #47

Pick #48

Pick #49

Pick #50

Pick #51

Pick #52

Pick #53

Pick #54

Pick #55

Pick #56

Pick #57

Pick #58

Pick #59

Pick #60

Pick #61

Pick #62

Pick #63

Pick #64

Pick #65

Pick #66

Pick #67

Pick #68

Pick #69

Pick #70

Pick #71

Pick #72

Pick #73

Pick #74

Pick #75

Pick #76

Pick #77

Pick #78

Pick #79

Pick #80

Pick #81

Pick #82

Pick #83

Pick #84

Pick #85

Pick #86

Pick #87

Pick #88

Pick #89

Pick #90

Pick #91

Pick #92

Pick #93

Pick #94

Pick #95

Pick #96

Pick #97

Pick #98

Pick #99

Pick #100

Pick #101

Pick #102

Pick #103

Pick #104

Pick #105

Pick #106

Pick #107

Pick #108

Pick #109

Pick #110

Pick #111

Pick #112

Pick #113

Pick #114

Pick #115

Pick #116

Pick #117

Pick #118

Pick #119

Pick #120

Pick #121

Pick #122

Pick #123

Pick #124

Pick #125

Pick #126

Pick #127

Pick #128

Pick #129

Pick #130

Full Scoreboard »»

Bruins vs Islanders

Created - October 18, 2023 at 19:58

Goals
1 2 3 T
Bruins 2 1 0 3
Islanders 0 3 4 7
Shots
1 2 3 T
Bruins 14 12 5 31
Islanders 7 14 18 39

GoalsPenalties
1st period
1. Bruins , Trevor Zegras 2 (Alex Iafallo 2, Brett Pesce 4) at 1:52
2. Bruins , Brett Pesce 1 (Yegor Sharangovich 3, Anze Kopitar 2) at 16:53
Justin Holl (NYI) for Holding Stick (Minor) at 6:04
Ryan Graves (NYI) for Cross-checking (Minor) at 10:54
Neal Pionk (NYI) for Roughing (Minor) at 13:39
2nd period
3. Islanders , Justin Holl 1 (Mason Marchment 2, Kyle Palmieri 1) at 1:21
4. Islanders , Chandler Stephenson 2 (Mason Marchment 3, Shayne Gostisbehere 1) at 5:11 (PP)
5. Bruins , Bryan Rust 1 (Anze Kopitar 3, Yegor Sharangovich 4) at 7:26
6. Islanders , Brent Burns 2 (Brad Marchand 3, Connor McDavid 4) at 9:37 (PP)
Tom Wilson (BOS) for Goalie Interference (Minor) at 4:41
Brett Pesce (BOS) for Holding (Minor) at 9:15
Jamie Oleksiak (BOS) for Hooking (Minor) at 14:45
3rd period
7. Islanders , Kevin Rooney 1 (Barrett Hayton 1, Neal Pionk 1) at 5:22
8. Islanders , Pavel Buchnevich 3 (Michael Bunting 2, Ryan Graves 1) at 16:14
9. Islanders , Jean-Gabriel Pageau 1 (Kyle Palmieri 2, Neal Pionk 2) at 16:30
10. Islanders , Connor McDavid 2 (Brent Burns 6) at 19:40 (PP)
Brady Skjei (BOS) for Holding (Minor) at 7:56
Tom Wilson (BOS) for Roughing (Minor) at 18:23
Goalie Stats
Jake Oettinger (BOS), 32 saves from 39 shots - (0.821), L, 3-2-0, 60:00 minutes
Igor Shesterkin (NYI), 28 saves from 31 shots - (0.903), W, 2-2-0, 60:00 minutes
3 StarsOfficial
1 - Brent Burns (NYI)
2 - Shayne Gostisbehere (NYI)
3 - Chandler Stephenson (NYI)
Referees : Tim Mayer and Ghislain Hebert
Linesman : Jeff Walker and Kory Nagy
Game Note
No Game Note
Finance
Level 1 -- Attendance: 5529 (92.15%) -- Ticket Income $663,480
Level 2 -- Attendance: 3657 (73.14%) -- Ticket Income $365,700
Level 3 -- Attendance: 2000 (100.00%) -- Ticket Income $180,000
Level 4 -- Attendance: 1795 (100.00%) -- Ticket Income $116,675
Luxury Box -- Attendance: 878 (87.80%) -- Ticket Income $197,550
Game was played at the Barclays Center.
Total Attendance: 13859 (87.74%)
Total Ticket Income: $1,523,405
Other Income: $380,851
Total Income: $1,904,256



Team Name Goals Shots Shots Attemp Shots Blocked PIM HIT PP PK FO%
Bruins 33159710330 / 3 (0%)342%
Islanders 7396786163 / 5 (60%)058%

Bruins
Player Name POS G A P +/- PIM HIT SHT SB MP PP MP PP SHT PK MP PK SHT FO% FOT
Alex IafalloLW011-1000119:050:0003:5100% 0
Anze KopitarC0221014020:592:2920:00063% 24
Brady SkjeiD0000220021:002:5000:0000% 0
Brett PesceD1121222119:470:0003:1800% 0
Bryan RustRW1011033021:383:2800:00050% 2
Cam FowlerD0000020023:582:5002:5700% 0
Charlie CoyleC0000002013:290:0003:51036% 22
Dmitry KulikovD0001040120:163:0700:5900% 0
Jamie OleksiakD000-1261212:010:0001:5000% 0
Josh MansonD000-101003:230:0000:0000% 0
Kailer YamamotoRW000-1063014:120:0000:0000% 0
Nicolas RoyC000-100107:100:0002:16045% 11
T.J. BrodieD000-2001119:323:0713:1000% 0
Tom WilsonRW000-1443017:412:2910:000100% 1
Trevor ZegrasC101-1004018:423:2820:00025% 32
Tyler BertuzziLW0000014113:063:2800:00067% 3
Yegor SharangovichC0221013020:392:2900:0000% 1
Zach PariseLW000-100007:100:0002:16050% 2
Islanders
Player Name POS G A P +/- PIM HIT SHT SB MP PP MP PP SHT PK MP PK SHT FO% FOT
Barrett HaytonC011100104:060:0000:00033% 6
Brad MarchandLW011-2042022:253:1000:0000% 0
Brent BurnsD1120023025:303:0732:3400% 0
Chandler StephensonC1011003120:392:5722:37066% 29
Connor McDavidC112-2014022:253:1010:00054% 35
Jake GuentzelLW000-2023022:253:1000:00050% 2
Jean-Gabriel PageauC1011002012:500:0003:20064% 22
Justin HollD1010201211:250:0001:1600% 0
Kevin RooneyC101100206:430:0002:3700% 0
Kyle PalmieriC022100009:300:0000:000100% 1
Mason MarchmentLW0221003012:272:5710:000100% 1
Michael BuntingLW0111012015:050:0000:0000% 1
Neal PionkD0221233023:033:0022:0700% 0
Pavel BuchnevichLW1011005018:022:5710:0000% 1
Ryan GravesD011-1201013:000:0000:0000% 0
Shayne GostisbehereD0112011521:293:0003:2300% 0
Shea TheodoreD0000022025:303:0722:3400% 0
Tanner JeannotLW000100107:260:0003:2000% 0



Play-by-Play

1st period


0:01 of 1st period - Jake Guentzel wins face-off versus Anze Kopitar in neutral zone.
0:34 of 1st period - Bryan Rust is hit by Brent Burns.
0:58 of 1st period - Icing by Chandler Stephenson.
0:59 of 1st period - Chandler Stephenson wins face-off versus Trevor Zegras in Islanders zone.
1:14 of 1st period - Shot by Pavel Buchnevich.
1:14 of 1st period - Stopped by Jake Oettinger without a rebound.
1:15 of 1st period - Jean-Gabriel Pageau wins face-off versus Charlie Coyle in Bruins zone.
1:22 of 1st period - Shot by Charlie Coyle.
1:22 of 1st period - Stopped by Igor Shesterkin without a rebound.
1:23 of 1st period - Mason Marchment wins face-off versus Trevor Zegras in Islanders zone.
1:50 of 1st period - Shot by Trevor Zegras.
1:50 of 1st period - Shot Misses the Net.
1:52 of 1st period - Shot by Alex Iafallo.
1:52 of 1st period - Deflect By Trevor Zegras.
1:52 of 1st period - Goal by Trevor Zegras - Bruins : 1 - Islanders : 0.
1:53 of 1st period - Charlie Coyle wins face-off versus Barrett Hayton in neutral zone.
2:10 of 1st period - Shot by Tanner Jeannot.
2:10 of 1st period - Deflect By Kevin Rooney.
2:10 of 1st period - Shot Blocked by Tyler Bertuzzi.
2:12 of 1st period - Shot by Shayne Gostisbehere.
2:12 of 1st period - Shot Misses the Net.
2:14 of 1st period - Shot by Kevin Rooney.
2:14 of 1st period - Stopped by Jake Oettinger without a rebound.
2:15 of 1st period - Chandler Stephenson wins face-off versus Trevor Zegras in Bruins zone.
2:15 of 1st period - Shea Theodore is hit by Dmitry Kulikov and loses puck.
2:33 of 1st period - Icing by Dmitry Kulikov.
2:34 of 1st period - Connor McDavid wins face-off versus Trevor Zegras in Bruins zone.
2:34 of 1st period - Neal Pionk is hit by Brett Pesce and loses puck.
2:57 of 1st period - Shot by Tom Wilson.
2:57 of 1st period - Shot Misses the Net.
3:01 of 1st period - Shot by Tom Wilson.
3:01 of 1st period - Shot Misses the Net.
3:03 of 1st period - Shot by Brett Pesce.
3:03 of 1st period - Stopped by Igor Shesterkin without a rebound.
3:04 of 1st period - Zach Parise wins face-off versus Chandler Stephenson in Islanders zone.
3:05 of 1st period - Shot by Kailer Yamamoto.
3:05 of 1st period - Stopped by Igor Shesterkin without a rebound.
3:06 of 1st period - Chandler Stephenson wins face-off versus Nicolas Roy in Islanders zone.
3:08 of 1st period - Icing by Brent Burns.
3:09 of 1st period - Chandler Stephenson wins face-off versus Nicolas Roy in Islanders zone.
3:09 of 1st period - Chandler Stephenson is hit by Kailer Yamamoto.
3:34 of 1st period - Icing by Shea Theodore.
3:35 of 1st period - Chandler Stephenson wins face-off versus Anze Kopitar in Islanders zone.
4:32 of 1st period - Icing by Anze Kopitar.
4:33 of 1st period - Jean-Gabriel Pageau wins face-off versus Anze Kopitar in Bruins zone.
5:05 of 1st period - Icing by Cam Fowler.
5:06 of 1st period - Anze Kopitar wins face-off versus Jake Guentzel in Bruins zone.
5:29 of 1st period - Icing by Shayne Gostisbehere.
5:30 of 1st period - Connor McDavid wins face-off versus Charlie Coyle in Islanders zone.
5:30 of 1st period - Connor McDavid is hit by Kailer Yamamoto.
5:42 of 1st period - Shot by Kailer Yamamoto.
5:42 of 1st period - Stopped by Igor Shesterkin without a rebound.
5:43 of 1st period - Barrett Hayton wins face-off versus Trevor Zegras in Islanders zone.
5:43 of 1st period - Barrett Hayton is hit by Tom Wilson.
6:04 of 1st period - Minor Penalty to Justin Holl for Holding Stick.
6:05 of 1st period - Jean-Gabriel Pageau wins face-off versus Trevor Zegras in Islanders zone.
6:05 of 1st period - Brent Burns is hit by Tyler Bertuzzi and loses puck.
6:13 of 1st period - Trevor Zegras is hit by Shea Theodore and loses puck.
6:20 of 1st period - Shot by Trevor Zegras.
6:20 of 1st period - Stopped by Igor Shesterkin without a rebound.
6:21 of 1st period - Jean-Gabriel Pageau wins face-off versus Yegor Sharangovich in Islanders zone.
6:50 of 1st period - Shot by Anze Kopitar.
6:50 of 1st period - Stopped by Igor Shesterkin without a rebound.
6:51 of 1st period - Chandler Stephenson wins face-off versus Trevor Zegras in Islanders zone.
7:49 of 1st period - Shot by Anze Kopitar.
7:49 of 1st period - Stopped by Igor Shesterkin without a rebound.
7:50 of 1st period - Anze Kopitar wins face-off versus Jean-Gabriel Pageau in Islanders zone.
8:34 of 1st period - Nicolas Roy is hit by Brad Marchand and loses puck.
8:38 of 1st period - Kailer Yamamoto is hit by Brad Marchand and loses puck.
8:42 of 1st period - Nicolas Roy is hit by Jake Guentzel and loses puck.
9:46 of 1st period - Pavel Buchnevich is hit by Cam Fowler and loses puck.
10:00 of 1st period - Icing by Shea Theodore.
10:01 of 1st period - Anze Kopitar wins face-off versus Chandler Stephenson in Islanders zone.
10:45 of 1st period - Shot by Shayne Gostisbehere.
10:45 of 1st period - Stopped by Jake Oettinger without a rebound.
10:46 of 1st period - Connor McDavid wins face-off versus Charlie Coyle in Bruins zone.
10:47 of 1st period - Shot by Brad Marchand.
10:47 of 1st period - Shot Misses the Net.
10:54 of 1st period - Minor Penalty to Ryan Graves for Cross-checking.
10:55 of 1st period - Jean-Gabriel Pageau wins face-off versus Trevor Zegras in Islanders zone.
11:46 of 1st period - Icing by Dmitry Kulikov.
11:47 of 1st period - Tom Wilson wins face-off versus Jean-Gabriel Pageau in Bruins zone.
12:05 of 1st period - Shot by Dmitry Kulikov.
12:05 of 1st period - Deflect By Yegor Sharangovich.
12:05 of 1st period - Shot Blocked by Chandler Stephenson.
12:07 of 1st period - Shot by Anze Kopitar.
12:07 of 1st period - Shot Misses the Net.
12:52 of 1st period - Icing by Cam Fowler.
12:53 of 1st period - Jean-Gabriel Pageau wins face-off versus Trevor Zegras in Bruins zone.
12:57 of 1st period - Icing by Dmitry Kulikov.
12:58 of 1st period - Nicolas Roy wins face-off versus Connor McDavid in Bruins zone.
13:26 of 1st period - Off-side.
13:27 of 1st period - Trevor Zegras wins face-off versus Jean-Gabriel Pageau in neutral zone.
13:29 of 1st period - T.J. Brodie is hit by Neal Pionk and loses puck.
13:39 of 1st period - Minor Penalty to Neal Pionk for Roughing.
13:40 of 1st period - Jean-Gabriel Pageau wins face-off versus Tyler Bertuzzi in Islanders zone.
13:53 of 1st period - Shot by Trevor Zegras.
13:53 of 1st period - Stopped by Igor Shesterkin without a rebound.
13:54 of 1st period - Anze Kopitar wins face-off versus Jean-Gabriel Pageau in Islanders zone.
14:01 of 1st period - Shot by Brady Skjei.
14:01 of 1st period - Shot Misses the Net.
14:03 of 1st period - Shot by Tom Wilson.
14:03 of 1st period - Shot Misses the Net.
14:05 of 1st period - Shot by Anze Kopitar.
14:05 of 1st period - Shot Misses the Net.
14:07 of 1st period - Shot by Brady Skjei.
14:07 of 1st period - Shot Misses the Net.
14:15 of 1st period - Shot by Anze Kopitar.
14:15 of 1st period - Deflect By Tom Wilson.
14:15 of 1st period - Stopped by Igor Shesterkin without a rebound.
14:16 of 1st period - Jean-Gabriel Pageau wins face-off versus Trevor Zegras in Islanders zone.
14:49 of 1st period - Shot by Bryan Rust.
14:49 of 1st period - Shot Blocked by Shayne Gostisbehere.
14:51 of 1st period - Shot by Bryan Rust.
14:51 of 1st period - Shot Misses the Net.
14:53 of 1st period - Shot by T.J. Brodie.
14:53 of 1st period - Stopped by Igor Shesterkin with a rebound.
14:55 of 1st period - Shot by T.J. Brodie.
14:55 of 1st period - Shot Blocked by Shayne Gostisbehere.
14:57 of 1st period - Shot by T.J. Brodie.
14:57 of 1st period - Shot Misses the Net.
14:59 of 1st period - Shot by Trevor Zegras.
14:59 of 1st period - Shot Misses the Net.
16:30 of 1st period - Connor McDavid is hit by Cam Fowler and loses puck.
16:53 of 1st period - Shot by Brett Pesce.
16:53 of 1st period - Goal by Brett Pesce - Bruins : 2 - Islanders : 0.
16:54 of 1st period - Jean-Gabriel Pageau wins face-off versus Trevor Zegras in neutral zone.
17:35 of 1st period - Shot by Jean-Gabriel Pageau.
17:35 of 1st period - Stopped by Jake Oettinger without a rebound.
17:36 of 1st period - Anze Kopitar wins face-off versus Pavel Buchnevich in Bruins zone.
18:11 of 1st period - Neal Pionk is hit by Yegor Sharangovich and loses puck.
18:46 of 1st period - Shot by Barrett Hayton.
18:46 of 1st period - Stopped by Jake Oettinger without a rebound.
18:47 of 1st period - Connor McDavid wins face-off versus Charlie Coyle in Bruins zone.
18:54 of 1st period - Shot by Brad Marchand.
18:54 of 1st period - Stopped by Jake Oettinger without a rebound.
18:55 of 1st period - Charlie Coyle wins face-off versus Connor McDavid in Bruins zone.
19:10 of 1st period - Shot by Connor McDavid.
19:10 of 1st period - Stopped by Jake Oettinger without a rebound.
19:11 of 1st period - Chandler Stephenson wins face-off versus Trevor Zegras in Bruins zone.
19:11 of 1st period - Pavel Buchnevich is hit by Jamie Oleksiak and loses puck.
19:19 of 1st period - Icing by Tom Wilson.
19:20 of 1st period - Trevor Zegras wins face-off versus Connor McDavid in Bruins zone.
19:24 of 1st period - Off-side.
19:25 of 1st period - Tyler Bertuzzi wins face-off versus Connor McDavid in neutral zone.
19:44 of 1st period - Shot by Tyler Bertuzzi.
19:44 of 1st period - Stopped by Igor Shesterkin with a rebound.
19:46 of 1st period - Shot by Charlie Coyle.
19:46 of 1st period - Shot Misses the Net.
19:48 of 1st period - Shot by Cam Fowler.
19:48 of 1st period - Shot Misses the Net.
19:50 of 1st period - Shot by Brady Skjei.
19:50 of 1st period - Shot Misses the Net.
19:52 of 1st period - Shot by Cam Fowler.
19:52 of 1st period - Shot Misses the Net.
19:54 of 1st period - Shot by Charlie Coyle.
19:54 of 1st period - Deflect By Tyler Bertuzzi.
19:54 of 1st period - Stopped by Igor Shesterkin without a rebound.
19:55 of 1st period - Chandler Stephenson wins face-off versus Anze Kopitar in Islanders zone.
Goals for this period are 2 for Bruins vs 0 for Islanders.
Shots for this period are 14 for Bruins vs 7 for Islanders.

2nd period


0:01 of 2nd period - Anze Kopitar wins face-off versus Connor McDavid in neutral zone.
0:22 of 2nd period - Shot by Yegor Sharangovich.
0:22 of 2nd period - Shot Blocked by Shayne Gostisbehere.
0:30 of 2nd period - Shot by Connor McDavid.
0:30 of 2nd period - Stopped by Jake Oettinger without a rebound.
0:31 of 2nd period - Chandler Stephenson wins face-off versus Charlie Coyle in Bruins zone.
0:46 of 2nd period - Shot by Chandler Stephenson.
0:46 of 2nd period - Stopped by Jake Oettinger without a rebound.
0:47 of 2nd period - Kyle Palmieri wins face-off versus Trevor Zegras in Bruins zone.
0:47 of 2nd period - Kyle Palmieri is hit by Jamie Oleksiak.
0:59 of 2nd period - Shot by Tom Wilson.
0:59 of 2nd period - Shot Misses the Net.
1:09 of 2nd period - Shot by Jean-Gabriel Pageau.
1:09 of 2nd period - Shot Misses the Net.
1:11 of 2nd period - Shot by Mason Marchment.
1:11 of 2nd period - Shot Misses the Net.
1:13 of 2nd period - Shot by Kyle Palmieri.
1:13 of 2nd period - Shot Blocked by Jamie Oleksiak.
1:15 of 2nd period - Shot by Mason Marchment.
1:15 of 2nd period - Shot Misses the Net.
1:17 of 2nd period - Shot by Justin Holl.
1:17 of 2nd period - Shot Blocked by Alex Iafallo.
1:19 of 2nd period - Shot by Mason Marchment.
1:19 of 2nd period - Shot Misses the Net.
1:21 of 2nd period - Shot by Justin Holl.
1:21 of 2nd period - Goal by Justin Holl - Bruins : 2 - Islanders : 1.
1:22 of 2nd period - Connor McDavid wins face-off versus Anze Kopitar in neutral zone.
1:30 of 2nd period - Connor McDavid is hit by Brady Skjei.
1:40 of 2nd period - Shot by Jake Guentzel.
1:40 of 2nd period - Stopped by Jake Oettinger without a rebound.
1:41 of 2nd period - Charlie Coyle wins face-off versus Michael Bunting in Bruins zone.
1:41 of 2nd period - Brett Pesce is hit by Michael Bunting and loses puck.
2:25 of 2nd period - Icing by Kailer Yamamoto.
2:26 of 2nd period - Tyler Bertuzzi wins face-off versus Connor McDavid in Bruins zone.
4:19 of 2nd period - Icing by Michael Bunting.
4:20 of 2nd period - Chandler Stephenson wins face-off versus Trevor Zegras in Islanders zone.
4:32 of 2nd period - Tom Wilson is hit by Neal Pionk and loses puck.
4:35 of 2nd period - Shot by Trevor Zegras.
4:35 of 2nd period - Shot Blocked by Shayne Gostisbehere.
4:37 of 2nd period - Shot by Tom Wilson.
4:37 of 2nd period - Stopped by Igor Shesterkin without a rebound.
4:38 of 2nd period - Jean-Gabriel Pageau wins face-off versus Trevor Zegras in Islanders zone.
4:38 of 2nd period - Jean-Gabriel Pageau is hit by Tom Wilson.
4:41 of 2nd period - Minor Penalty to Tom Wilson for Goalie Interference.
4:42 of 2nd period - Chandler Stephenson wins face-off versus Charlie Coyle in Bruins zone.
5:07 of 2nd period - Shot by Pavel Buchnevich.
5:07 of 2nd period - Shot Misses the Net.
5:09 of 2nd period - Shot by Shayne Gostisbehere.
5:09 of 2nd period - Deflect By Mason Marchment.
5:09 of 2nd period - Stopped by Jake Oettinger with a rebound.
5:11 of 2nd period - Shot by Chandler Stephenson.
5:11 of 2nd period - Goal by Chandler Stephenson - Bruins : 2 - Islanders : 2.
5:12 of 2nd period - Anze Kopitar wins face-off versus Barrett Hayton in neutral zone.
5:33 of 2nd period - Tanner Jeannot is hit by Bryan Rust and loses puck.
5:43 of 2nd period - Bryan Rust is hit by Brent Burns and loses puck.
6:07 of 2nd period - Icing by Brent Burns.
6:08 of 2nd period - Barrett Hayton wins face-off versus Trevor Zegras in Islanders zone.
7:10 of 2nd period - Shot by Kailer Yamamoto.
7:10 of 2nd period - Stopped by Igor Shesterkin without a rebound.
7:11 of 2nd period - Anze Kopitar wins face-off versus Connor McDavid in Islanders zone.
7:20 of 2nd period - Shot by Anze Kopitar.
7:20 of 2nd period - Deflect By Bryan Rust.
7:20 of 2nd period - Stopped by Igor Shesterkin with a rebound.
7:24 of 2nd period - Shot by Anze Kopitar.
7:24 of 2nd period - Shot Hit the Post.
7:26 of 2nd period - Shot by Anze Kopitar.
7:26 of 2nd period - Deflect By Bryan Rust.
7:26 of 2nd period - Goal by Bryan Rust - Bruins : 3 - Islanders : 2.
7:27 of 2nd period - Chandler Stephenson wins face-off versus Charlie Coyle in neutral zone.
8:07 of 2nd period - Shot by Chandler Stephenson.
8:07 of 2nd period - Shot Misses the Net.
8:51 of 2nd period - Connor McDavid is hit by Dmitry Kulikov and loses puck.
9:03 of 2nd period - Connor McDavid is hit by Brett Pesce and loses puck.
9:15 of 2nd period - Minor Penalty to Brett Pesce for Holding.
9:16 of 2nd period - Nicolas Roy wins face-off versus Chandler Stephenson in Bruins zone.
9:31 of 2nd period - Shot by Chandler Stephenson.
9:31 of 2nd period - Deflect By Mason Marchment.
9:31 of 2nd period - Shot Misses the Net.
9:33 of 2nd period - Shot by Pavel Buchnevich.
9:33 of 2nd period - Stopped by Jake Oettinger without a rebound.
9:34 of 2nd period - Connor McDavid wins face-off versus Nicolas Roy in Bruins zone.
9:37 of 2nd period - Shot by Brent Burns.
9:37 of 2nd period - Goal by Brent Burns - Bruins : 3 - Islanders : 3.
9:38 of 2nd period - Jean-Gabriel Pageau wins face-off versus Trevor Zegras in neutral zone.
10:10 of 2nd period - Icing by Jean-Gabriel Pageau.
10:11 of 2nd period - Anze Kopitar wins face-off versus Jean-Gabriel Pageau in Islanders zone.
10:22 of 2nd period - Shot by Cam Fowler.
10:22 of 2nd period - Shot Blocked by Justin Holl.
10:24 of 2nd period - Shot by Brady Skjei.
10:24 of 2nd period - Shot Blocked by Justin Holl.
10:26 of 2nd period - Shot by Anze Kopitar.
10:26 of 2nd period - Deflect By Yegor Sharangovich.
10:26 of 2nd period - Stopped by Igor Shesterkin without a rebound.
10:27 of 2nd period - Connor McDavid wins face-off versus Trevor Zegras in Islanders zone.
11:00 of 2nd period - Brent Burns is hit by Tom Wilson and loses puck.
11:29 of 2nd period - Off-side.
11:30 of 2nd period - Jean-Gabriel Pageau wins face-off versus Charlie Coyle in neutral zone.
11:30 of 2nd period - Mason Marchment is hit by Kailer Yamamoto and loses puck.
11:50 of 2nd period - Jean-Gabriel Pageau is hit by Dmitry Kulikov and loses puck.
11:55 of 2nd period - Shot by Jean-Gabriel Pageau.
11:55 of 2nd period - Shot Misses the Net.
11:57 of 2nd period - Shot by Neal Pionk.
11:57 of 2nd period - Stopped by Jake Oettinger with a rebound.
11:59 of 2nd period - Shot by Jean-Gabriel Pageau.
11:59 of 2nd period - Deflect By Mason Marchment.
11:59 of 2nd period - Stopped by Jake Oettinger without a rebound.
12:00 of 2nd period - Anze Kopitar wins face-off versus Chandler Stephenson in Bruins zone.
12:14 of 2nd period - Chandler Stephenson is hit by Brady Skjei and loses puck.
12:17 of 2nd period - Shot by Michael Bunting.
12:17 of 2nd period - Stopped by Jake Oettinger without a rebound.
12:18 of 2nd period - Connor McDavid wins face-off versus Trevor Zegras in Bruins zone.
12:18 of 2nd period - Brad Marchand is hit by Josh Manson and loses puck.
13:15 of 2nd period - Shot by Bryan Rust.
13:15 of 2nd period - Stopped by Igor Shesterkin without a rebound.
13:16 of 2nd period - Bryan Rust wins face-off versus Chandler Stephenson in Islanders zone.
13:16 of 2nd period - Anze Kopitar is hit by Shayne Gostisbehere and loses puck.
13:21 of 2nd period - Shot by Anze Kopitar.
13:21 of 2nd period - Stopped by Igor Shesterkin with a rebound.
14:15 of 2nd period - Shot by Tyler Bertuzzi.
14:15 of 2nd period - Stopped by Igor Shesterkin without a rebound.
14:16 of 2nd period - Trevor Zegras wins face-off versus Jean-Gabriel Pageau in Islanders zone.
14:17 of 2nd period - Shot by Jamie Oleksiak.
14:17 of 2nd period - Stopped by Igor Shesterkin with a rebound.
14:21 of 2nd period - Shot by Tom Wilson.
14:21 of 2nd period - Stopped by Igor Shesterkin without a rebound.
14:22 of 2nd period - Trevor Zegras wins face-off versus Connor McDavid in Islanders zone.
14:34 of 2nd period - Brent Burns is hit by Jamie Oleksiak and loses puck.
14:45 of 2nd period - Minor Penalty to Jamie Oleksiak for Hooking.
14:46 of 2nd period - Chandler Stephenson wins face-off versus Charlie Coyle in Bruins zone.
14:49 of 2nd period - Shot by Shea Theodore.
14:49 of 2nd period - Shot Blocked by T.J. Brodie.
14:51 of 2nd period - Shot by Chandler Stephenson.
14:51 of 2nd period - Shot Misses the Net.
15:45 of 2nd period - Off-side.
15:46 of 2nd period - Connor McDavid wins face-off versus Charlie Coyle in neutral zone.
16:02 of 2nd period - Alex Iafallo is hit by Neal Pionk and loses puck.
16:36 of 2nd period - Icing by Shayne Gostisbehere.
16:37 of 2nd period - Charlie Coyle wins face-off versus Connor McDavid in Islanders zone.
17:02 of 2nd period - Shot by Yegor Sharangovich.
17:02 of 2nd period - Stopped by Igor Shesterkin without a rebound.
17:03 of 2nd period - Chandler Stephenson wins face-off versus Nicolas Roy in Islanders zone.
17:12 of 2nd period - Shot by Michael Bunting.
17:12 of 2nd period - Stopped by Jake Oettinger without a rebound.
17:13 of 2nd period - Jean-Gabriel Pageau wins face-off versus Anze Kopitar in Bruins zone.
17:32 of 2nd period - Shot by Jean-Gabriel Pageau.
17:32 of 2nd period - Deflect By Mason Marchment.
17:32 of 2nd period - Stopped by Jake Oettinger without a rebound.
17:33 of 2nd period - Trevor Zegras wins face-off versus Connor McDavid in Bruins zone.
17:33 of 2nd period - Trevor Zegras is hit by Connor McDavid.
17:36 of 2nd period - Icing by Tom Wilson.
17:37 of 2nd period - Connor McDavid wins face-off versus Trevor Zegras in Bruins zone.
17:48 of 2nd period - Shot by Trevor Zegras.
17:48 of 2nd period - Stopped by Igor Shesterkin without a rebound.
17:49 of 2nd period - Chandler Stephenson wins face-off versus Anze Kopitar in Islanders zone.
18:00 of 2nd period - Shot by Anze Kopitar.
18:00 of 2nd period - Shot Blocked by Shayne Gostisbehere.
18:18 of 2nd period - Neal Pionk is hit by Bryan Rust and loses puck.
18:58 of 2nd period - Brent Burns is hit by Anze Kopitar and loses puck.
19:59 of 2nd period - Shot by Ryan Graves.
19:59 of 2nd period - Stopped by Jake Oettinger without a rebound.
Goals for this period are 1 for Bruins vs 3 for Islanders.
Shots for this period are 12 for Bruins vs 14 for Islanders.

3rd period


0:01 of 3rd period - Anze Kopitar wins face-off versus Connor McDavid in neutral zone.
0:01 of 3rd period - Bryan Rust is hit by Jake Guentzel and loses puck.
0:17 of 3rd period - Jake Guentzel is hit by Dmitry Kulikov and loses puck.
0:28 of 3rd period - Shot by Connor McDavid.
0:28 of 3rd period - Stopped by Jake Oettinger without a rebound.
0:29 of 3rd period - Trevor Zegras wins face-off versus Chandler Stephenson in Bruins zone.
0:38 of 3rd period - Shot by Tom Wilson.
0:38 of 3rd period - Shot Misses the Net.
1:21 of 3rd period - Neal Pionk is hit by Tom Wilson and loses puck.
4:00 of 3rd period - Mason Marchment is hit by Kailer Yamamoto.
4:54 of 3rd period - Shot by Nicolas Roy.
4:54 of 3rd period - Stopped by Igor Shesterkin without a rebound.
4:55 of 3rd period - Nicolas Roy wins face-off versus Barrett Hayton in Islanders zone.
5:20 of 3rd period - Shot by Barrett Hayton.
5:20 of 3rd period - Shot Misses the Net.
5:22 of 3rd period - Shot by Kevin Rooney.
5:22 of 3rd period - Goal by Kevin Rooney - Bruins : 3 - Islanders : 4.
5:23 of 3rd period - Connor McDavid wins face-off versus Anze Kopitar in neutral zone.
5:23 of 3rd period - Connor McDavid is hit by Bryan Rust.
5:31 of 3rd period - Shot by Jake Guentzel.
5:31 of 3rd period - Deflect By Connor McDavid.
5:31 of 3rd period - Shot Misses the Net.
5:33 of 3rd period - Shot by Brad Marchand.
5:33 of 3rd period - Stopped by Jake Oettinger without a rebound.
5:34 of 3rd period - Chandler Stephenson wins face-off versus Trevor Zegras in Bruins zone.
5:37 of 3rd period - Shot by Pavel Buchnevich.
5:37 of 3rd period - Stopped by Jake Oettinger without a rebound.
5:38 of 3rd period - Connor McDavid wins face-off versus Trevor Zegras in Bruins zone.
6:23 of 3rd period - Shot by Jake Guentzel.
6:23 of 3rd period - Stopped by Jake Oettinger without a rebound.
6:24 of 3rd period - Anze Kopitar wins face-off versus Chandler Stephenson in Bruins zone.
7:03 of 3rd period - Shot by Yegor Sharangovich.
7:03 of 3rd period - Shot Misses the Net.
7:07 of 3rd period - Shot by Anze Kopitar.
7:07 of 3rd period - Stopped by Igor Shesterkin without a rebound.
7:08 of 3rd period - Jean-Gabriel Pageau wins face-off versus Charlie Coyle in Islanders zone.
7:08 of 3rd period - Mason Marchment is hit by Kailer Yamamoto and loses puck.
7:43 of 3rd period - Shot by Tyler Bertuzzi.
7:43 of 3rd period - Stopped by Igor Shesterkin without a rebound.
7:44 of 3rd period - Trevor Zegras wins face-off versus Connor McDavid in Islanders zone.
7:44 of 3rd period - Tom Wilson is hit by Shea Theodore and loses puck.
7:56 of 3rd period - Minor Penalty to Brady Skjei for Holding.
7:57 of 3rd period - Connor McDavid wins face-off versus Charlie Coyle in Bruins zone.
8:14 of 3rd period - Shot by Shea Theodore.
8:14 of 3rd period - Shot Misses the Net.
8:16 of 3rd period - Shot by Brent Burns.
8:16 of 3rd period - Stopped by Jake Oettinger without a rebound.
8:17 of 3rd period - Charlie Coyle wins face-off versus Chandler Stephenson in Bruins zone.
8:30 of 3rd period - Shot by Chandler Stephenson.
8:30 of 3rd period - Shot Blocked by Brett Pesce.
8:32 of 3rd period - Shot by Pavel Buchnevich.
8:32 of 3rd period - Deflect By Chandler Stephenson.
8:32 of 3rd period - Stopped by Jake Oettinger without a rebound.
8:33 of 3rd period - Nicolas Roy wins face-off versus Connor McDavid in Bruins zone.
8:33 of 3rd period - Nicolas Roy is hit by Brad Marchand.
8:49 of 3rd period - Shot by Brent Burns.
8:49 of 3rd period - Shot Misses the Net.
8:51 of 3rd period - Shot by Shea Theodore.
8:51 of 3rd period - Stopped by Jake Oettinger without a rebound.
8:52 of 3rd period - Nicolas Roy wins face-off versus Chandler Stephenson in Bruins zone.
9:20 of 3rd period - Shot by Pavel Buchnevich.
9:20 of 3rd period - Shot Misses the Net.
9:22 of 3rd period - Shot by Shayne Gostisbehere.
9:22 of 3rd period - Shot Misses the Net.
9:24 of 3rd period - Shot by Shayne Gostisbehere.
9:24 of 3rd period - Shot Misses the Net.
9:26 of 3rd period - Shot by Pavel Buchnevich.
9:26 of 3rd period - Shot Misses the Net.
9:28 of 3rd period - Shot by Shayne Gostisbehere.
9:28 of 3rd period - Shot Misses the Net.
9:30 of 3rd period - Shot by Neal Pionk.
9:30 of 3rd period - Stopped by Jake Oettinger without a rebound.
9:31 of 3rd period - Connor McDavid wins face-off versus Nicolas Roy in Bruins zone.
9:32 of 3rd period - Shot by Brent Burns.
9:32 of 3rd period - Shot Misses the Net.
9:34 of 3rd period - Shot by Brent Burns.
9:34 of 3rd period - Stopped by Jake Oettinger without a rebound.
9:35 of 3rd period - Connor McDavid wins face-off versus Zach Parise in Bruins zone.
9:35 of 3rd period - Jake Guentzel is hit by Jamie Oleksiak and loses puck.
9:42 of 3rd period - Shot by Shea Theodore.
9:42 of 3rd period - Stopped by Jake Oettinger without a rebound.
9:43 of 3rd period - Charlie Coyle wins face-off versus Connor McDavid in Bruins zone.
10:11 of 3rd period - Shot by Michael Bunting.
10:11 of 3rd period - Shot Blocked by Dmitry Kulikov.
10:29 of 3rd period - Shot by Yegor Sharangovich.
10:29 of 3rd period - Stopped by Igor Shesterkin without a rebound.
10:30 of 3rd period - Connor McDavid wins face-off versus Trevor Zegras in Islanders zone.
11:34 of 3rd period - Icing by Neal Pionk.
11:35 of 3rd period - Anze Kopitar wins face-off versus Jean-Gabriel Pageau in Islanders zone.
12:32 of 3rd period - Justin Holl is hit by Jamie Oleksiak.
12:35 of 3rd period - Chandler Stephenson is hit by Jamie Oleksiak and loses puck.
12:39 of 3rd period - Icing by T.J. Brodie.
12:40 of 3rd period - Charlie Coyle wins face-off versus Connor McDavid in Bruins zone.
12:47 of 3rd period - Charlie Coyle is hit by Brad Marchand.
13:17 of 3rd period - Shot by Charlie Coyle.
13:17 of 3rd period - Stopped by Igor Shesterkin without a rebound.
13:18 of 3rd period - Trevor Zegras wins face-off versus Chandler Stephenson in Islanders zone.
13:31 of 3rd period - Icing by Justin Holl.
13:32 of 3rd period - Chandler Stephenson wins face-off versus Anze Kopitar in Islanders zone.
14:40 of 3rd period - Shot by Jake Guentzel.
14:40 of 3rd period - Stopped by Jake Oettinger with a rebound.
14:49 of 3rd period - Icing by Shea Theodore.
14:50 of 3rd period - Connor McDavid wins face-off versus Charlie Coyle in Islanders zone.
14:50 of 3rd period - Brent Burns is hit by Kailer Yamamoto and loses puck.
15:44 of 3rd period - Shot by Tanner Jeannot.
15:44 of 3rd period - Stopped by Jake Oettinger without a rebound.
15:45 of 3rd period - Chandler Stephenson wins face-off versus Trevor Zegras in Bruins zone.
15:46 of 3rd period - Shot by Pavel Buchnevich.
15:46 of 3rd period - Stopped by Jake Oettinger with a rebound.
16:14 of 3rd period - Shot by Michael Bunting.
16:14 of 3rd period - Deflect By Pavel Buchnevich.
16:14 of 3rd period - Goal by Pavel Buchnevich - Bruins : 3 - Islanders : 5.
16:15 of 3rd period - Anze Kopitar wins face-off versus Jean-Gabriel Pageau in neutral zone.
16:30 of 3rd period - Shot by Kyle Palmieri.
16:30 of 3rd period - Deflect By Jean-Gabriel Pageau.
16:30 of 3rd period - Goal by Jean-Gabriel Pageau - Bruins : 3 - Islanders : 6.
16:31 of 3rd period - Connor McDavid wins face-off versus Nicolas Roy in neutral zone.
17:33 of 3rd period - Icing by Chandler Stephenson.
17:34 of 3rd period - Chandler Stephenson wins face-off versus Bryan Rust in Islanders zone.
17:52 of 3rd period - Shot by Bryan Rust.
17:52 of 3rd period - Deflect By Anze Kopitar.
17:52 of 3rd period - Shot Misses the Net.
18:23 of 3rd period - Minor Penalty to Tom Wilson for Roughing.
18:24 of 3rd period - Charlie Coyle wins face-off versus Connor McDavid in Bruins zone.
18:57 of 3rd period - Shot by Jake Guentzel.
18:57 of 3rd period - Shot Blocked by Jamie Oleksiak.
19:38 of 3rd period - Shot by Neal Pionk.
19:38 of 3rd period - Stopped by Jake Oettinger without a rebound.
19:39 of 3rd period - Connor McDavid wins face-off versus Charlie Coyle in Bruins zone.
19:40 of 3rd period - Shot by Brent Burns.
19:40 of 3rd period - Deflect By Connor McDavid.
19:40 of 3rd period - Goal by Connor McDavid - Bruins : 3 - Islanders : 7.
19:41 of 3rd period - Anze Kopitar wins face-off versus Barrett Hayton in neutral zone.
Goals for this period are 0 for Bruins vs 4 for Islanders.
Shots for this period are 5 for Bruins vs 18 for Islanders.